 Dungeon Crawl Stone Soup version 0.32-a0-519-g08f29ac1c3 (webtiles) character file.

Game seed: 3236263596485271608

364 tilp the Sneak (level 6, -12/46 HPs)
             Began as a Vampire Enchanter on Feb 28, 2024.
             Mangled by Menkaure (21 damage)
             ... on level 4 of the Dungeon.
             The game lasted 00:07:10 (4659 turns).

tilp the Sneak (Vampire Enchanter)                  Turns: 4659, Time: 00:07:10

Health: -12/46     AC:  2    Str:  7    XL:     6   Next: 39%
Magic:  7/10       EV: 13    Int: 20    God:
Gold:   187        SH:  0    Dex: 14    Spells: 2/10 levels left

rFire   . . .        a - +2 dagger
rCold   . . .        (no shield)
rNeg    . . .        m - +0 robe
rPois   +            (no helmet)
rElec   .            (no cloak)
rCorr   .            (no gloves)
SInv    +            (no boots)
Will    .....        (no amulet)
Stlth   +++          e - ring of poison resistance
HPRegen 0.47/turn    s - ring of wizardry
MPRegen 0.12/turn

%: wizardry (x1)
@: healing quickly
A: alive, fangs 3, see invisible, vampiric 2
a: Exsanguinate


You were on level 4 of the Dungeon.
You visited 1 branch of the dungeon, and saw 4 of its levels.
You also visited: Sewer.

You collected 213 gold pieces.
You spent 26 gold pieces at shops.

Inventory:

Hand Weapons
 a - a +2 dagger (weapon)
 b - a +0 scimitar
Missiles
 q - 7 poisoned darts (quivered)
 r - a throwing net {!f}
Armour
 k - the +1 chain mail "Xigiry Symu" {rC+ rCorr Str+4}
   (You found it on level 2 of the Dungeon)

   Str+4:     It affects your strength (+4).
   rC+:       It protects you from cold.
   rCorr:     It protects you from acid and corrosion.
 m - a +0 robe (worn)
 o - the +4 ring mail "Peopsoca" {rCorr}
   (You found it in a sewer)

   rCorr:     It protects you from acid and corrosion.
Jewellery
 e - a ring of poison resistance (left hand)
 s - a ring of wizardry (right hand)
Scrolls
 f - 2 scrolls of enchant weapon
 g - a scroll of noise
 l - a scroll of amnesia {unknown}
 n - a scroll of blinking
 p - a scroll of summoning {unknown}
Potions
 c - 2 potions of invisibility
 d - 2 potions of curing
 h - a potion of heal wounds
 i - a potion of experience
 j - a potion of might


   Skills:
 * Level 2.6 Fighting
 * Level 3.4 Short Blades
 + Level 3.2 Dodging
 + Level 5.6 Stealth
 + Level 2.6 Spellcasting
 + Level 5.2 Hexes
 + Level 1.9 Ice Magic


You had 2 spell levels left.
You knew the following spells:

 Your Spells              Type           Power      Damage    Failure   Level
a - Ensorcelled Hibernat  Hex/Ice        34%        N/A       1%          2
b - Confusing Touch       Hex            23%        N/A       2%          3
c - Tukima's Dance        Hex            23%        N/A       2%          3

Your spell library contained the following spells:

 Spells                   Type           Power      Damage    Failure   Level
 Dazzling Flash           Conj/Hex       26%        N/A       6%          3
 Mephitic Cloud           Conj/Alch/Air  2%         N/A       17%         3
 Teleport Other           Tloc           2%         N/A       17%         3
 Yara's Violent Unravell  Hex/Alch       6%         3d5       45%         5
 Passage of Golubria      Tloc           2%         N/A       50%         4
 Alistair's Intoxication  Alch           1%         N/A       82%         5


Dungeon Overview and Level Annotations

Branches:
Dungeon (4/15)              Sewer (visited)
 Temple: D:4-7

Altars:
Dithmenos

Shops:
D:3 *

Annotations:
D:4 Menkaure


Innate Abilities, Weirdness & Mutations

Your natural rate of healing is accelerated.
You have razor-sharp teeth.
You have supernaturally acute eyesight. (SInv)
You are afflicted with vampirism and can become a bat while bloodless.


Message History

No target in view!
You see here a ball python corpse.
A dart slug comes into view.
A dart slug is nearby!
There is a stone staircase leading down here.
The dart slug launches a dart at you.
The slug dart is repelled.
The dart slug launches a dart at you. The slug dart hits you.
The dart slug bites you.
You hit the dart slug.
The dart slug is moderately wounded.
You hit the dart slug.
The dart slug is heavily wounded.
The dart slug bites you.
You hit the dart slug.
The dart slug is severely wounded.
The dart slug closely misses you.
You hit the dart slug.
The dart slug is almost dead.
You hit the dart slug.
You kill the dart slug!
No target in view!
Menkaure, Prince of Dust comes into view.
Menkaure is nearby!
Menkaure is nearby!
Menkaure is nearby!
Menkaure shouts!
Casting: Ensorcelled Hibernation (safe; 1% risk of failure)
Confirm with . or Enter, or press ? or * to list all spells.
Your hands begin to glow red.
You hit Menkaure but do no damage. You barely miss Menkaure.
Your bite misses Menkaure. Menkaure hits you!!
You hit Menkaure but do no damage. Menkaure hits you!!
* * * LOW HITPOINT WARNING * * *
You hit Menkaure but do no damage.
Menkaure appears confused.
Unknown command.
You hit Menkaure but do no damage. You bite Menkaure, but do no damage.
Menkaure hits you!!
You die...

#.†......## .....
#.........#......
#.........#......
#####...#.#......
######.......#.#......
#.....##.###.#.#......
#.....##.#..>.........
#...M.##.#.#..........
#....@##.#.....†......
#.....##.#......######
#...............#
#...............#
###.............#
#.............#
#########.....#
####### ##########


You could see Menkaure (confused).

Vanquished Creatures
  2 bullfrogs (Sewer)
  A scorpion (D:4)
  5 adders
  9 dart slugs
  4 ribbon worms
  An orc (D:3)
  9 bats
  5 endoplasms
  13 giant cockroaches
  7 goblins
  12 hobgoblins
  8 jackals
  5 quokkas
  6 ball pythons
  9 frilled lizards
  4 kobolds
  4 rats
104 creatures vanquished.

Notes
Turn   | Place    | Note
-------+----------+-------------------------------------------
     0 | D:1      | tilp the Vampire Enchanter began the quest for the Orb.
     0 | D:1      | Reached XP level 1. HP: 13/13 MP: 3/3
   218 | D:1      | Reached XP level 2. HP: 20/20 MP: 5/5
   221 | D:1      | Learned a level 2 spell: Ensorcelled Hibernation
   655 | D:1      | Reached skill level 1 in Fighting
  1094 | D:2      | Gained mutation: You are afflicted with vampirism and can
                  | become a bat while bloodless. [Vampire growth]
  1094 | D:2      | Reached XP level 3. HP: 26/26 MP: 1/6
  1105 | D:2      | Learned a level 3 spell: Confusing Touch
  1172 | D:2      | Got the Teachings on Septic Displacement
  1385 | D:2      | Identified the +1 chain mail "Xigiry Symu" {rC+ rCorr
                  | Str+4}
  1785 | D:2      | Reached XP level 4. HP: 32/32 MP: 7/7
  2758 | D:3      | Reached skill level 5 in Stealth
  2814 | D:3      | Reached skill level 1 in Ice Magic
  2862 | D:3      | Found a shadowy altar of Dithmenos.
  3137 | D:3      | Found Ducviatu's General Store.
  3182 | D:3      | Bought a scroll of identify for 26 gold pieces
  3182 | D:3      | You fall into a shaft and drop 1 floor!
  3185 | D:4      | Noticed a scorpion
  3192 | D:4      | Killed a scorpion
  3193 | D:4      | Reached XP level 5. HP: 38/38 MP: 8/8
  3194 | D:4      | Found a glowing drain.
  3243 | Sewer    | Entered a sewer
  3543 | Sewer    | Reached skill level 5 in Hexes
  3545 | Sewer    | Reached XP level 6. HP: 29/46 MP: 4/9
  3663 | Sewer    | Identified the +4 ring mail "Peopsoca" {rCorr}
  3949 | D:3      | Learned a level 3 spell: Tukima's Dance
  4649 | D:4      | Noticed Menkaure
  4659 | D:4      | Mangled by Menkaure

Illustrated notes

Levels and vault maps discovered:
D:1:      lightli_arrival_maybe_door_vault, layout_basic
D:2:      layout_basic, minivault_19
D:3:      layout_basic, overflow_temple_1_default, serial_shops, shop_fountains
D:4:      layout_basic, serial_glass, glass_columns_c, glass_columns_c,
          cheibrodos_sewer_entry_drain, uniq_menkaure

Skill      XL: |  1  2  3  4  5 |
---------------+----------------+-----
Fighting       | 1 2 |  2.6
Short Blades   | 2 3 |  3.4
Stealth        | 5 |  5.6
Ice Magic      | 1 |  1.9
Dodging        | 3 |  3.2
Hexes          | 5 |  5.2
Spellcasting   | |  2.6

Action                     |  1- 3 |  4- 6 || total
---------------------------+-------+-------++-------
  Melee: Dagger            |    90 |   199 ||   289
         Bite              |     7 |    23 ||    30
  Throw: Dart              |       |     1 ||     1
   Cast: Ensorcelled Hiber |    17 |    17 ||    34
         Confusing Touch   |       |     1 ||     1
    Use: Scroll            |     5 |     5 ||    10
   Stab: Sleeping          |    21 |    21 ||    42
 Armour: Robe              |    46 |    95 ||   141
  Dodge: Dodged            |    60 |   100 ||   160
         Repelled          |     1 |     8 ||     9

Table legend: (Time is in decaauts)
 A = Elapsed time spent in this place.
 B = Non-inter-level travel time spent in this place.
 C = Inter-level travel time spent in this place.
 D = Time resting spent in this place.
 E = Time spent auto-exploring this place.
 F = Levels seen in this place.
 G = Mean time per level.
                   A        B        C        D        E       F      G
               +--------+--------+--------+--------+--------+-----+--------+
         Total |   4717 |   4575 |    142 |    161 |   3457 |   5 |  943.4 |
       Dungeon |   3993 |   3851 |    142 |     68 |   3136 |   4 |  998.2 |
         Sewer |    723 |    723 |      0 |     93 |    321 |   1 |  723.0 |
               +--------+--------+--------+--------+--------+-----+--------+

Top non-repeatable levels by time:
     D:2: 1769 daAuts
     D:1: 955 daAuts
     D:3: 724 daAuts
   Sewer: 723 daAuts
     D:4: 544 daAuts
